 Dungeon Crawl Stone Soup version 0.27.0-1-g7a089689b8 (webtiles) character file.

Game seed: 2401927410122313690

109 Spaninq the Twirler (level 5, 0/41 HPs)
             Began as a Formicid Gladiator on Aug 5, 2021.
             Was a Plaything of Xom.
             Slain by an iron imp (7 damage)
             ... summoned by Xom
             ... on level 3 of the Dungeon.
             The game lasted 00:05:33 (3133 turns).

Spaninq the Twirler (Formicid Gladiator)            Turns: 3133, Time: 00:05:35

Health: 0/41       AC:  7    Str: 19      XL:     5   Next: 13%
Magic:  5/5        EV: 12    Int:  8      God:    Xom [....*.]
Gold:   131        SH:  0    Dex: 12 (14) Spells: 4/4 levels left

rFire    . . .     SeeInvis +   a - +0 quarterstaff (vorpal)
rCold    . . .     Faith    .   (no shield)
rNeg     . . .     Spirit   .   b - +0 steam dragon scales
rPois    .         Reflect  .   (helmet unavailable)
rElec    .         Harm     .   (no cloak)
rCorr    .         Rampage  .   (no gloves)
Will     .....                  f - +1 pair of boots
Stlth    +.........             (no amulet)
HPRegen  0.13/turn              (no ring)
MPRegen  0.09/turn              (no ring)

@: no status effects
A: permanent stasis, dig shafts and tunnels, antennae 3, four strong arms, agile
1
a: Dig, Shaft Self, Renounce Religion


You were on level 3 of the Dungeon.
You worshipped Xom.
You were a beloved toy of Xom.
You visited 1 branch of the dungeon, and saw 3 of its levels.

You collected 131 gold pieces.

Inventory:

Hand Weapons
 a - a +0 vorpal quarterstaff (weapon)
Missiles
 c - 3 throwing nets (quivered)
Armour
 b - +0 steam dragon scales (worn)
 e - a +0 chain mail
 f - a +1 pair of boots (worn)
Scrolls
 h - a scroll of magic mapping
 m - a scroll of teleportation {unknown}
 n - a scroll of identify
Potions
 d - 2 potions of curing
 g - a potion of degeneration {unknown}
 i - a potion of lignification {unknown}
 j - a potion of might {unknown}
 k - a potion of cancellation {unknown}
 l - a potion of haste {unknown}
 o - a potion of ambrosia {unknown}


   Skills:
 + Level 3.4 Fighting
 * Level 4.7 Staves
 - Level 2.0 Throwing
 - Level 0.5 Armour
 - Level 2.6 Dodging


You had 4 spell levels left.
You didn't know any spells.
Your spell library contained the following spells:

 Spells                   Type           Power      Damage    Failure   Level
 Animate Skeleton         Necr           0%         N/A       41%         1
 Apportation              Tloc           0%         N/A       41%         1
 Corona                   Hex            0%         N/A       41%         1
 Summon Small Mammal      Summ           0%         N/A       41%         1
 Static Discharge         Conj/Air       0%         N/A       54%         2
 Gell's Gravitas          Tloc           0%         N/A       78%         3
 Teleport Other           Tloc           0%         N/A       78%         3
 Animate Dead             Necr           0%         N/A       99%         4
 Borgnjor's Vile Clutch   Necr/Erth      0%         N/A       100%        5
 Lightning Bolt           Conj/Air       0%         1d11      100%        5
 Death Channel            Necr           0%         N/A       100%        6
 Dispersal                Tloc           0%         N/A       100%        6
 Maxwell's Capacitive Co  Air            0%         ∞         100%        8


Dungeon Overview and Level Annotations

Branches:
Dungeon (3/15)

Altars:
Xom

Shops:
D:1 !


Innate Abilities, Weirdness & Mutations

You cannot be hasted, slowed, berserked, paralysed or teleported.
You can dig through walls and to a lower floor.
You have a pair of large antennae on your head. (SInv)
Your four strong arms can wield two-handed weapons with a shield.
You are agile. (Dex +2)


Message History

The ynoxinul hits you but does no damage.
You thump the ynoxinul!
The ynoxinul is moderately wounded.
The quasit barely misses you.
The quasit claws you but does no damage.
The quasit barely misses you. The iron imp barely misses you.
The ynoxinul closely misses you. The quasit closely misses you.
The quasit barely misses you. The quasit claws you.
You feel clumsy.
You closely miss the ynoxinul.
The ynoxinul is moderately wounded.
The quasit closely misses you. The quasit claws you. The quasit misses you.
The iron imp hits you but does no damage.
The ynoxinul hits you but does no damage.
You hit the ynoxinul.
The ynoxinul is heavily wounded.
The quasit barely misses you. x2
The quasit claws you but does no damage.
The iron imp hits you but does no damage.
The ynoxinul closely misses you.
The quasit bites you but does no damage.
The quasit claws you but does no damage. x2
You closely miss the ynoxinul.
The ynoxinul is heavily wounded.
The quasit bites you.
You feel clumsy. The quasit closely misses you.
The quasit claws you but does no damage.
The ynoxinul gestures at you. The iron shot hits you!!
Ouch! That really hurt!
* * * LOW HITPOINT WARNING * * *
The iron imp closely misses you.
You hit the ynoxinul but do no damage.
The ynoxinul is heavily wounded.
The quasit barely misses you. x2
The quasit claws you but does no damage.
The ynoxinul misses you. The iron imp hits you!
You die... "Huh?
Did I miss anything?"

###.......#........# #..
####....##.......# h #..#
####.##>....... .. #...
###...##........ g.h#...
##.....##........
.....###......#......... .#
#....##..###.#......... ##
#....#35.###.#......>.. #
###...)#@..##..#......... ##
........)5......#.........
.#######################.....#...
.......### #######.....#.#.
.........# #.......#.....#.
.........# #.#####.#.....+.
.........# #.# #.#.....##
.........# #.# #.#.....#
'#####'### #.# #.#.....##


You could see a ynoxinul (summoned), an iron imp (summoned) and a quasit
(summoned).

Vanquished Creatures
  3 adders
  2 worms
  A dart slug (D:1)
  An orc (D:3)
  3 ball pythons (D:2)
  5 endoplasms
  4 giant cockroaches
  7 goblins
  5 hobgoblins
  8 jackals
  A quokka (D:1)
  8 bats
  2 frilled lizards
  6 kobolds
  11 rats
67 creatures vanquished.

Vanquished Creatures (others)
  A jackal (D:3)
  2 goblins (D:3)
3 creatures vanquished.

Grand Total: 70 creatures vanquished

Notes
Turn   | Place    | Note
-------+----------+-------------------------------------------
     0 | D:1      | Spaninq the Formicid Gladiator began the quest for the Orb.
     0 | D:1      | Reached XP level 1. HP: 16/16 MP: 1/1
   161 | D:1      | Reached XP level 2. HP: 9/23 MP: 2/2
   423 | D:1      | Found Lyxtul's Distillery.
   559 | D:1      | Found a faded altar of an unknown god.
   563 | D:1      | Reached XP level 3. HP: 28/28 MP: 3/3
   583 | D:1      | Became a worshipper of Xom of Chaos
   765 | D:1      | XOM: divination: detect creatures
  1256 | D:2      | Reached skill level 4 in Staves
  1290 | D:2      | XOM: divination: magic mapping
  1376 | D:2      | Reached XP level 4. HP: 35/35 MP: 4/4
  1740 | D:2      | XOM: cloud trail
  1838 | D:2      | XOM is BORED!
  1838 | D:2      | XOM: noise
  2021 | D:2      | XOM: scenery: create altars
  2097 | D:3      | XOM: give mutation
  2097 | D:3      | Gained mutation: You are agile. (Dex +2) [Xom's grace]
  2127 | D:3      | XOM: scenery: 1 doors close
  2962 | D:3      | Reached XP level 5. HP: 32/41 MP: 5/5
  3066 | D:3      | XOM: destruction
  3126 | D:3      | XOM is BORED!
  3126 | D:3      | XOM: summons 3 hostile demons
  3127 | D:3      | Noticed a ynoxinul
  3133 | D:3      | Slain by an iron imp

Illustrated notes

Levels and vault maps discovered:
D:1:      amcnicky_arrival_abandoned_market, layout_rooms,
          dreamdust_ecumenical_altar_hidden_monk_grotto, serial_shops, shop,
          grunt_decor_one_mirror, minmay_rat_gold_closets
D:2:      kennysheep_big_flooded_room, layout_basic
D:3:      minmay_recursive_quarters, layout_basic

Skill      XL: |  1  2  3 |
---------------+----------+-----
Staves         | 4 |  4.7
Fighting       | 3 |  3.4
Throwing       | |  2.0
Armour         | |  0.5
Dodging        | |  2.6

Action                   |  1- 3 |  4- 6 || total
-------------------------+-------+-------++-------
Melee: Quarterstaff      |    74 |    83 ||   157
  Use: Scroll            |       |     5 ||     5
 Stab: Sleeping          |     2 |       ||     2
Armor: Chain mail        |     9 |       ||     9
       Steam dragon scal |    20 |    49 ||    69
Dodge: Dodged            |    35 |    92 ||   127
